Cogmind - Beta 10.2 @@@ ROGUE MODE // 2021.05.29 @ 14:08:47 Player: Mares Result: Destroyed by 8R-AWN with 8R-AWN's Boregun Performance ------------- Evolutions (1) 500 Regions Visited (5) 1000 Robots Destroyed (30) 150 Value Destroyed (782) 782 Prototype IDs (26) 520 Alien Tech Used (0) 0 Bonus (-324) -324 TOTAL SCORE: 2628 Bonus ------- Aligned with FarCom 300 Friendly Fire -624 Cogmind --------- Core Integrity 0/400 Matter 16/300 Energy 46/100 System Corruption 0% Temperature Cool (0) Movement Core (250) Ox4 Location -9/Exiles Parts ------- > --- POWER (1) -------- (None) > --- PROPULSION (2) --- (None) > --- UTILITY (4) ------ Medium Storage Unit Lightpack 2.0 > --- WEAPON (2) ------- (None) > --- INVENTORY (28) --- High-capacity Storage Unit Improved Sensor Array Improved Sensor Array Experimental Sensor Array Cloak of Protection Firepult Grenade Launcher Mini Grenade Launcher Peak State ------------ > --- POWER ------------ Light Ion Engine > --- PROPULSION ------- Light Treads Compact Wheel > --- UTILITY ---------- Lightpack 2.0 Light Armor Plating Light Armor Plating > --- WEAPON ----------- Improved Medium Laser Assault Rifle > --- INVENTORY -------- Light Nuclear Core Light Treads Light Treads Heat Sink Medium Storage Unit High-capacity Storage Unit Large Matter Pod Improved Sensor Array Improved Sensor Array Experimental Sensor Array Cloak of Protection Improved Medium Laser Improved Medium Laser Improved Medium Laser Firepult Assault Rifle Light Cannon Grenade Launcher Mini Grenade Launcher Plasma Cutter [Rating: 35] Favorites ----------- Power Light Nuclear Core Engine Light Ion Engine Power Core Light Nuclear Core Propulsion Wheel Treads Light Treads Wheel Wheel Utility High-capacity Storage Unit Device Improved Sensor Array Storage High-capacity Storage Unit Protection Light Armor Plating Weapon Shotgun Energy Gun Improved Medium Laser Ballistic Gun Shotgun Ballistic Cannon Light Cannon Launcher Mini Grenade Launcher Special Weapon Plasma Cutter Build | -11 -10 -10 -9 -9 -9 ------- Run | Scr Mat Min Mat Min Exi Slots Evolved 2 | . . . 2 . . Power . | . . . . . . Propulsion . | . . . . . . Utility 2 | . . . 2 . . Weapon . | . . . . . . Parts Attached 53 | 6 11 2 11 2 21 Power 5 | 1 1 . 2 . 1 Engine 2 | 1 . . 1 . . Core 3 | . 1 . 1 . 1 Reactor . | . . . . . . Propulsion 11 | 2 3 1 2 . 3 Treads 4 | . 1 . 1 . 2 Leg . | . . . . . . Wheel 7 | 2 2 1 1 . 1 Hover . | . . . . . . Flight . | . . . . . . Utility 17 | 1 3 1 3 2 7 Device 7 | . 1 . 3 2 1 Storage 6 | 1 2 1 . . 2 Processor . | . . . . . . Hackware . | . . . . . . Protection 4 | . . . . . 4 Artifact . | . . . . . . Weapon 20 | 2 4 . 4 . 10 Energy Gun 10 | 1 1 . 2 . 6 Energy Cannon . | . . . . . . Ballistic Gun 7 | 1 3 . 2 . 1 Ballistic Cannon 1 | . . . . . 1 Launcher 1 | . . . . . 1 Special Weapon 1 | . . . . . 1 Impact Weapon . | . . . . . . Slashing Weapon . | . . . . . . Piercing Weapon . | . . . . . . Special Melee Weapon . | . . . . . . Unidentified Prototypes 1 | . . . . 1 . Parts Lost 29 | . 5 1 7 . 16 Power 5 | . 1 . 2 . 2 Propulsion 8 | . 1 1 2 . 4 Utility 3 | . . . . . 3 Weapon 13 | . 3 . 3 . 7 Highest Loss Streak 10 | . 5 1 6 . 10 Average Slot Usage (%) 91 | . 93 100 87 100 77 Engine 4 | . 2 . 3 11 6 Core 6 | . 11 14 1 . . Treads 4 | . 1 . 3 11 8 Wheel 18 | . 26 28 12 11 7 Device 13 | . 9 9 21 22 8 Storage 18 | . 14 18 22 22 19 Energy Gun 4 | . 2 . 4 11 9 Ballistic Gun 19 | . 23 28 17 11 8 Naked Turns . | . . . . . . Heaviest Build 54 | 11 44 51 53 50 54 Greatest Support 40 | 20 20 26 26 16 40 Greatest Overweight (x) 6 | 2 2 2 3 3 6 Average Overweight (x) 1 | . . 1 2 3 2 Largest Inventory Capacity 36 | 6 12 16 16 16 36 Average Capacity 14 | 5 7 13 16 16 22 Most Carried 21 | 6 11 13 16 16 21 Average Carried 11 | 2 6 12 13 16 15 Final Capacity 28 | 6 12 16 16 16 28 Final Carried 16 | 6 11 13 16 16 9 Class Distribution -------------------- 57% | Mutant 33% | Scavenger-Mutant 8% | Hauler-Mutant Dominant Class ---------------- Mutant | -10/Materials Mutant | -10/Mines Mutant | -9/Materials Scavenger-Mutant | -9/Mines Hauler-Mutant | -9/Exiles Resources | -11 -10 -10 -9 -9 -9 ----------- Run | Scr Mat Min Mat Min Exi Matter Collected 1275 | 243 402 256 214 10 150 Remotely . | . . . . . . Salvage Created 999 | . 480 156 347 . 16 Parts 62 | . 30 6 26 . . Haulers Intercepted 3 | . 2 . 1 . . Recyclers Shooed 1 | . 1 . . . . Parts Field Recycled . | . . . . . . Retrieved Matter . | . . . . . . Parts Self-Destructed . | . . . . . . Prevented . | . . . . . . Kills | -11 -10 -10 -9 -9 -9 ------- Run | Scr Mat Min Mat Min Exi Combat Hostiles Destroyed 23 | . 9 5 6 . 3 Guns 20 | . 9 5 6 . . AOE 3 | . . . . . 3 Classes Destroyed 11 | . 6 1 3 . 1 Worker 2 | . 1 1 . . . Builder 1 | . 1 . . . . Hauler 3 | . 2 . 1 . . Operator 1 | . . . 1 . . Watcher 3 | . 2 . 1 . . Swarmer 3 | . 3 . . . . Grunt 14 | . 6 4 4 . . Brawler 1 | . . . 1 . . Sentry 1 | . . . 1 . . Demolisher 1 | . . 1 . . . Assembled 7 | . . . . . 7 Best Kill Streak 3 | . 3 2 2 . 3 Combat Bots Only 3 | . 2 2 2 . 3 Max Kills in Single Turn 4 | . 1 1 1 . 4 Gunslinging . | . . . . . . Exploded 2 | . . . . . 2 Melee . | . . . . . . Uniques/NPCs Destroyed . | . . . . . . Combat | -11 -10 -10 -9 -9 -9 -------- Run | Scr Mat Min Mat Min Exi Damage Taken 2950 | . 639 262 422 . 1627 Core 582 | . 108 64 26 . 384 Absorbed by Shields . | . . . . . . Core Remaining (%) 65 | 100 . 31 . . . Volleys Fired 167 | . 63 17 26 . 61 Largest 2 | . 2 2 2 . 2 Hottest 112 | . 70 46 76 . 112 Shots Fired 300 | . 107 34 52 . 107 Gun 262 | . 107 34 52 . 69 Cannon 27 | . . . . . 27 Launcher 9 | . . . . . 9 Special 2 | . . . . . 2 Kinetic 211 | . 83 34 42 . 52 Thermal 74 | . 24 . 4 . 46 Explosive 9 | . . . . . 9 Electromagnetic 6 | . . . 6 . . Robot Hit Streak 10 | . 7 6 10 . 8 Robot Miss Streak 5 | . 5 3 4 . 4 Penetration Max . | . . . . . . Secondary Targets 1 | . . 1 . . . Max Gunslinging Chain 1 | . . 1 . . . Shots Hit Robots 197 | . 71 26 35 . 65 Core Hits 82 | . 27 14 17 . 24 Critical Hits 1 | . 1 . . . . Critical Kills . | . . . . . . Critical Parts Destroyed 1 | . 1 . . . . Melee Attacks . | . . . . . . Impact . | . . . . . . Slashing . | . . . . . . Piercing . | . . . . . . Sneak Attacks . | . . . . . . Combat Hostiles . | . . . . . . Follow-up Attacks . | . . . . . . Damage Inflicted 3163 | . 872 329 540 . 1422 Guns 2416 | . 872 329 540 . 675 Cannons 311 | . . . . . 311 Explosions 415 | . . . . . 415 Melee . | . . . . . . Ramming . | . . . . . . Kinetic 1973 | . 686 329 416 . 542 Thermal 702 | . 186 . 51 . 465 Explosive 415 | . . . . . 415 Electromagnetic 73 | . . . 73 . . Impact . | . . . . . . Slashing . | . . . . . . Piercing . | . . . . . . Highest Corruption . | . . . . . . Average Corruption . | . . . . . . Corruption Purged . | . . . . . . Overload Shots . | . . . . . . Overflow Damage 18 | . . . . . 18 Projectiles . | . . . . . . Explosions 18 | . . . . . 18 Melee . | . . . . . . Knockbacks 7 | . . . . . 7 Impact . | . . . . . . Kinetic 7 | . . . . . 7 Secondary . | . . . . . . Self-Inflicted Damage 49 | . . . . . 49 Shots 1 | . . . . . 1 Rammed . | . . . . . . Targets Rammed . | . . . . . . Kicked . | . . . . . . Crushed . | . . . . . . Highest Temperature 324 | . 150 21 . . 324 Average Temperature 70 | . 52 8 . . 109 Received Heat Transfer 623 | . 276 126 141 . 80 Effects 1 | . . . . . 1 Matter Decay 1 | . . . . . 1 Siege Activations . | . . . . . . Robots Corrupted . | . . . . . . Combat Hostiles . | . . . . . . Parts Fried . | . . . . . . Impact Corruptions . | . . . . . . Robots Melted . | . . . . . . Combat Hostiles . | . . . . . . Parts Melted 1 | . 1 . . . . Heat Transferred 894 | . 531 . 111 . 252 Parts Sabotaged . | . . . . . . Parts Stolen . | . . . . . . Parts Stripped . | . . . . . . Power Chain Reactions . | . . . . . . Missiles Intercepted . | . . . . . . Alert | -11 -10 -10 -9 -9 -9 ------- Run | Scr Mat Min Mat Min Exi Peak Influence 254 | . 254 80 123 34 . Initial 34 | . . 9 31 34 . Average 61 | . 92 48 58 34 . Maximum Alert Level 1 | . 1 . . . . Low Security (%) 98 | 100 94 100 100 100 . Level 1 1 | . 5 . . . . Level 2 . | . . . . . . Level 3 . | . . . . . . Level 4 . | . . . . . . Level 5 . | . . . . . . High Security . | . . . . . . Max Security . | . . . . . . Squads Dispatched 1 | . . . 1 . . Investigation . | . . . . . . Extermination . | . . . . . . Reinforcement 1 | . . . 1 . . Assault . | . . . . . . Garrison . | . . . . . . Intercept . | . . . . . . Construction Impeded . | . . . . . . Haulers Reinforced . | . . . . . . Stealth | -11 -10 -10 -9 -9 -9 --------- Run | Scr Mat Min Mat Min Exi Distress Signals 1 | . . . 1 . . Communications Jammed . | . . . . . . Distress Signals . | . . . . . . Times Spotted 38 | . 18 5 11 . 4 Peak Tracking Total 5 | . 5 2 3 . 5 Tactical Retreats 7 | . 5 . 2 . . Traps | -11 -10 -10 -9 -9 -9 ------- Run | Scr Mat Min Mat Min Exi Traps Triggered 1 | . . . 1 . . Indirectly . | . . . . . . Trap Hack Attempts . | . . . . . . Triggered . | . . . . . . Disarmed . | . . . . . . Reprogrammed . | . . . . . . Reused . | . . . . . . Traps Extracted . | . . . . . . Installed . | . . . . . . Triggered . | . . . . . . Machines | -11 -10 -10 -9 -9 -9 ---------- Run | Scr Mat Min Mat Min Exi Machines Disabled 4 | . . . . . 4 Max in Single Turn 2 | . . . . . 2 Machines Sabotaged . | . . . . . . Garrisons Compromised . | . . . . . . Overloaded Fab Kills . | . . . . . . Fab Network Shutdowns . | . . . . . . Hacking | -11 -10 -10 -9 -9 -9 --------- Run | Scr Mat Min Mat Min Exi Machines Accessed 5 | . 3 . 1 . 1 Terminals 4 | . 3 . 1 . . Fabricators . | . . . . . . Repair Stations . | . . . . . . Recycling Units . | . . . . . . Scanalyzers . | . . . . . . Garrison Access . | . . . . . . Total Hacks 16 | . 13 . 2 . 1 Successful 9 | . 7 . 1 . 1 Failed 7 | . 6 . 1 . . Catastrophic 1 | . . . 1 . . Database Lockouts . | . . . . . . Manual 6 | . 3 . 2 . 1 Terminals 15 | . 13 . 2 . . Fabricators . | . . . . . . Repair Stations . | . . . . . . Recycling Units . | . . . . . . Scanalyzers . | . . . . . . Garrison Access . | . . . . . . Terminal Hacks 8 | . 6 . 1 . 1 Prototype ID Bank 1 | . 1 . . . . Branch Access Points 2 | . 1 . 1 . . Alert Level 1 | . 1 . . . . Unreport Threat 2 | . 2 . . . . Zone Layout 1 | . 1 . . . . EX-Prototype ID Bank 1 | . . . . . 1 Fabricator Hacks . | . . . . . . Repair Station Hacks . | . . . . . . Recycling Unit Hacks . | . . . . . . Scanalyzer . | . . . . . . Garrison Access Hacks . | . . . . . . Unauthorized Hacks 1 | . 1 . . . . Terminals 1 | . 1 . . . . Botnet 1 | . 1 . . . . Fabricators . | . . . . . . Repair Stations . | . . . . . . Recycling Units . | . . . . . . Scanalyzers . | . . . . . . Garrison Access . | . . . . . . Data Cores Recovered . | . . . . . . Used . | . . . . . . Hacking Detections 4 | . 3 . 1 . . Full Trace Events 1 | . 1 . . . . Feedback Events . | . . . . . . Feedback Blocked . | . . . . . . Robot Schematics Acquired . | . . . . . . Robots Built . | . . . . . . Matter . | . . . . . . Time . | . . . . . . Total Robot Build Rating . | . . . . . . Part Schematics Acquired . | . . . . . . Parts Built . | . . . . . . Matter . | . . . . . . Time . | . . . . . . Total Part Build Rating . | . . . . . . Parts Repaired . | . . . . . . Time . | . . . . . . Parts Recycled . | . . . . . . Recycled Matter . | . . . . . . Retrieved Matter . | . . . . . . Retrieved Components . | . . . . . . Parts Scanalyzed . | . . . . . . Part Schematics Acquired . | . . . . . . Parts Damaged . | . . . . . . Bothacking | -11 -10 -10 -9 -9 -9 ------------ Run | Scr Mat Min Mat Min Exi Used RIF Installer . | . . . . . . Robots Hacked . | . . . . . . Non-combat . | . . . . . . Combat . | . . . . . . Robot Hacks Applied . | . . . . . . Relay Couplers Released . | . . . . . . Robots Rewired . | . . . . . . Allies Hacked . | . . . . . . Hacks Repelled . | . . . . . . Allies | -11 -10 -10 -9 -9 -9 -------- Run | Scr Mat Min Mat Min Exi Total Allies . | . . . . . . Largest Group . | . . . . . . Highest-Rated Group . | . . . . . . Highest-Rated Ally . | . . . . . . Total Orders . | . . . . . . Ally Attacks . | . . . . . . Total Damage . | . . . . . . Kills . | . . . . . . Allies Corrupted . | . . . . . . Allies Melted . | . . . . . . Intel | -11 -10 -10 -9 -9 -9 ------- Run | Scr Mat Min Mat Min Exi Robot Analysis Total . | . . . . . . Derelict Logs Recovered 2 | . . 2 . . . Drone Launches . | . . . . . . Drone Recoveries . | . . . . . . Exploration | -11 -10 -10 -9 -9 -9 ------------- Run | Scr Mat Min Mat Min Exi Turns Passed 2891 | 51 765 627 597 360 491 Spaces Moved 1997 | 46 619 481 367 262 222 Core 14 | 9 . . . . 5 Treads 18 | . 15 . . . 3 Legs . | . . . . . . Wheels 1965 | 37 604 481 367 262 214 Hover . | . . . . . . Flight . | . . . . . . Fastest Speed 50 | 50 80 100 100 130 100 Average Speed 105 | 78 85 100 121 130 126 Slowest Speed 350 | 150 160 100 130 130 350 Overloaded Moves . | . . . . . . Propulsion Burnouts . | . . . . . . Robots Hopped . | . . . . . . Cave-ins Triggered . | . . . . . . Exploration Rate (%) 47 | 3 77 82 22 59 43 Regions Visited 5 Branch Regions 3 Pre-discovered Areas 1 | . . 1 . . . Known Exits Taken 3 | . 1 1 1 . . Unknown Exits Taken 2 | 1 . . . 1 . Scrap Searched 2 | . . 1 . 1 . Spaces Dug . | . . . . . . Terrain Destroyed 47 | . . . . . 47 Melee . | . . . . . . Projectile . | . . . . . . AOE 47 | . . . . . 47 Terrain Rammed . | . . . . . . Walls Destroyed . | . . . . . . Machines Disabled . | . . . . . . Actions | -11 -10 -10 -9 -9 -9 --------- Run | Scr Mat Min Mat Min Exi Total 2475 | 57 754 592 468 281 323 Wait 188 | . 32 90 42 16 8 Move 1992 | 45 618 480 366 261 222 Hop . | . . . . . . Pick Up 47 | 6 17 3 17 . 4 Fast Attach 16 | 6 4 . 1 2 3 Attach 26 | . 4 1 9 . 12 Detach 1 | . . . . . 1 Swap 11 | . 3 1 1 . 6 Drop 27 | . 13 . 6 2 6 Fire 167 | . 63 17 26 . 61 Melee . | . . . . . . Ram . | . . . . . . Kick . | . . . . . . Crush . | . . . . . . Escape Stasis . | . . . . . . Rewire . | . . . . . . Trap . | . . . . . . Miscellaneous . | . . . . . . Route ------- -11/Scrapyard -10/Materials (discovered 3 exits: *Mat x2 / *Min) -10/Mines -9/Materials (discovered 3 exits: [*Mat] / *Min x2) -9/Mines (discovered 3 exits: [*Mat x2] / *Exi) -9/Exiles History --------- Turn | Location | Event 7 | -11/Scrapyard | Discovered new exit (range 16) 52 | -11/Scrapyard | Entered Materials 226 | -10/Materials | Lost 5 parts (1p1n3w) 325 | -10/Materials | Build established: Mutant 325 | -10/Materials | Identified exit to Mines 477 | -10/Materials | Discovered new exit (range 5) 637 | -10/Materials | Discovered new exit (range 14) 817 | -10/Materials | Entered Mines 828 | -10/Mines | Identified exit to Materials 841 | -10/Mines | Met a Derelict bent on vengeance 905 | -10/Mines | Core integrity fell below 50% 949 | -10/Mines | Learned location of Zion (-6) 1022 | -10/Mines | Assembled infested the area 1444 | -10/Mines | Entered Materials 1444 | -9/Materials | Evolved 2 slots: Utility x2 1458 | -9/Materials | Identified exit to Mines 1566 | -9/Materials | Lost 6 parts (2p2n2w) 1860 | -9/Materials | Discovered new exit (range 8) 2041 | -9/Materials | Entered Mines 2082 | -9/Mines | Discovered new exit (range 12) 2118 | -9/Mines | Build established: Scavenger-Mutant 2224 | -9/Mines | Discovered new exit (range 8) 2311 | -9/Mines | Found a damaged Exp. Sensor Array with a note attached 2316 | -9/Mines | Found Prototype Device 2316 | -9/Mines | Identified Exp. Sensor Array 2394 | -9/Mines | Deemed a non-threat by the Exiles lab entrance 2396 | -9/Mines | Discovered new exit (range 5) 2401 | -9/Mines | Entered Exiles 2433 | -9/Exiles | Met 8R-AWN 2456 | -9/Exiles | Met EX-HEX 2512 | -9/Exiles | Met EX-BIN 2534 | -9/Exiles | Aligned with FarCom system 2535 | -9/Exiles | Given EX-Vault access code 2568 | -9/Exiles | Opened EX-Vault 2584 | -9/Exiles | Found Lightpack 2.0 2597 | -9/Exiles | Found Cloak of Protection 2601 | -9/Exiles | Found Firepult 2625 | -9/Exiles | Warned to stay clear of 0b10 Research branches 2680 | -9/Exiles | Attacked by the Exiles 2809 | -9/Exiles | Core integrity fell below 50% 2817 | -9/Exiles | Lost 10 parts (2p3n3u2w) 2870 | -9/Exiles | Core integrity fell below 20% 2892 | -9/Exiles | Destroyed by 8R-AWN with 8R-AWN's Boregun Last Messages --------------- 02791_ Dropped Lgt. Cannon. 02791_ Penetrated by HV Slug. 02804_ HV Slug penetrates Wall. 02808_ Penetrated by HV Slug. 02817_ Critical hit. 02817_ Com. Wheel destroyed. 02821_ Penetrated by HV Slug. 02830_ Overheating: Matter decay (-11). 02831_ Penetrated by HV Slug. 02839_ Plasma Cutter destroyed. 02839_ Penetrated by HV Slug. 02852_ Imp. Medium Laser destroyed. 02852_ Penetrated by HV Slug. 02865_ Imp. Medium Laser destroyed. 02869_ Penetrated by HV Slug. 02882_ Critical hit. 02882_ Imp. Medium Laser destroyed. 02882_ Penetrated by HV Slug. 02886_ Imp. Medium Laser destroyed. 02892_ Penetrated by HV Slug. Map ----- +----------------------------------------------------+ | """ #??????????????????????????????????? | | """""""""#??????????????????????????????????? | | ###########??????????????????????????????????? | | #????????????????????????????????????????????? | | #????????????????????????????????????????????? | | ##???????????????????????????????????????????? | | ##???###########????????????????????????????? | | #####"""" """"##???????????????????????????? | | " """ """"##??????????????????????????? | | " " #??????????????????????????? | | ""#??????????????????????????? | | "#???????????#####??????????? | | ##?????????##" #??????????? | | ###???????#" #??????????? | | "" #??????##" ##?????????? | | #""" #????### ###???????? | | #####""" ###?# ######### | | ????##""" ### #""""## | | ?????#"""" ## | | ????##"" ! ## * | | ?####"""" #### | | ##""" ] g #?#"""""#### | | """ ; ##?#######??#### | | ######??????????????## | | #????????????????????? | | " @# #????????????????????? | | "" " ## #???????????????????? | | ##""" " " "" # ##???????????????????? | | ??#####""" """## #????????????????????? | | ???????###""""##### ### ????????????????????? | | ?????????######??#### # ????????????????????? | | ????????????????????### #???????????????????? | | ??????????????????????########???????????????????? | | ?????????????????????????????????????????????????? | | ?????????????????????????????????????????????????? | | ?????????????????????????????????????????????????? | | ?????????????????????????????????????????????????? | | ?????????????????????????????????????????????????? | | ?????????????????????????????????????????????????? | | ?????????????????????????????????????????????????? | | ?????????????????????????????????????????????????? | | ?????????????????????????????????????????????????? | | ?????????????????????????????????????????????????? | | ?????????????????????????????????????????????????? | | ?????????????????????????????????????????????????? | | ?????????????????????????????????????????????????? | | ?????????????????????????????????????????????????? | | ?????????????????????????????????????????????????? | | ?????????????????????????????????????????????????? | | ?????????????????????????????????????????????????? | +----------------------------------------------------+ Best States ------------- Heat Dissipation 42 Energy Generation 14 Energy Capacity 160 Matter Stores 300 Matter Capacity 300 Sight Range 16 Robot Scan Range 30 Terrain Scan Density 10 Armor Coverage 300 Evasion (%) 44 Recoil Reduction 2 Item Schematics ----------------- None Robot Schematics ------------------ None Fabricated ------------ Nothing Alien Tech Used ----------------- None Achievements -------------- None Challenges ------------ None Game ------ Seed MiniContainmentScrap Manual? 0 Play Time 00:37:21 Cumulative 61.2 hours Start 2021.05.25 @ 17:02:45 End 2021.05.29 @ 14:08:47 Sessions 2 Manual Loads 0 Difficulty Rogue Special Mode None Game No. 27 Rogue 27 Adventurer 0 Explorer 0 Win Type - Total 1 Types 1/0/0/0/0/0/0/0/0 Lore% 46 Gallery% 50 Achievement% 41 Wizard Run 0 Options --------- ASCII 0 Keyboard 0 Movement Mouse Keybinds 0 Fullscreen 1 Font 18/SmallcapsGlow Map View 76x50 Tactical HUD 1 Map Filters NONE Filters NONE Steam 1 RUN: 614f034a-c1da-43fb-8b57-f88a58dbd666